 Dungeon Crawl Stone Soup version 0.30-a0-634-g8abc85282e (webtiles) character file.

Game seed: 9378761510449396801

101105 Majang the Brawler (level 15, -11/154 HPs)
             Began as a Troll Fighter on Jan 13, 2023.
             Was the Champion of Cheibriados.
             Mangled by a culicivora (23 damage)
             ... on level 3 of the Spider Nest on Jan 14, 2023.
             The game lasted 01:53:55 (18058 turns).

Majang the Brawler (Troll Fighter)                 Turns: 18058, Time: 01:53:56

Health: -11/154    AC: 32    Str: 45    XL:     15   Next: 82%
Magic:  21/21      EV: 15    Int: 23    God:    Cheibriados [******]
Gold:   1806       SH: 22    Dex: 24    Spells: 14/14 levels left

rFire   + . .      SeeInvis +      - Unarmed
rCold   . . .      Faith    .    w - +1 tower shield
rNeg    + . .      Spirit   .    P - +10 pearl dragon scales of the Past {rPois rF+ rN+ Stlth+}
rPois   +          Reflect  .    d - +1 hat
rElec   .          Harm     .    j - +2 cloak
rCorr   +          Rampage  .    (gloves unavailable)
Will    +....                    (boots unavailable)
Stlth   +                        K - amulet of regeneration
HPRegen 2.05/turn                X - ring of see invisible
MPRegen 0.17/turn                O - ring of the Octopus King {rCorr HP+2 AC+2 EV+2 SH+2}

@: spiked, on berserk cooldown, slowed, studying 2 skills, very slow
A: large, unfitting armour, claws 3, regeneration 1, shaggy fur 1, tough skin 1
a: Renounce Religion, Bend Time, Temporal Distortion, Slouch, Step From Time


You were on level 3 of the Spider Nest.
You worshipped Cheibriados.
Cheibriados was exalted by your worship.
You visited 5 branches of the dungeon, and saw 23 of its levels.
You also visited: Bailey.

You collected 2140 gold pieces.
You spent 334 gold pieces at shops.

Inventory:

Hand Weapons
 C - a +5 scimitar of flaming
Missiles
 u - 4 javelins
 J - 5 boomerangs (quivered)
 Q - a throwing net
 U - 18 large rocks
 W - a boomerang of dispersal
Armour
 d - a +1 hat (worn)
 j - a +2 cloak (worn)
 w - a +1 tower shield (worn)
 P - the +10 pearl dragon scales of the Past (worn) {rPois rF+ rN+ Stlth+}
   (You acquired it on level 10 of the Dungeon)

   rF:        It protects you from fire.
   rPois:     It protects you from poison.
   rN:        It protects you from negative energy.
   Stlth:     It makes you more stealthy.
Jewellery
 g - a +5 ring of evasion
 K - an amulet of regeneration (around neck)
 O - a ring of the Octopus King (right claw) {rCorr HP+2 AC+2 EV+2 SH+2}
   (You found it on level 5 of the Lair of Beasts)

   [ring of resist corrosion]

   AC:        It affects your AC (+2).
   EV:        It affects your evasion (+2).
   HP:        It affects your health (+2).
   rCorr:     It protects you from acid and corrosion.
   SH:        It affects your SH (+2).
 X - a ring of see invisible (left claw)
Wands
 i - a wand of digging (6)
 l - a wand of flame (33)
Scrolls
 b - a scroll of immolation
 h - 3 scrolls of fog
 m - 7 scrolls of teleportation
 s - 2 scrolls of noise
 v - 2 scrolls of blinking
 y - a scroll of magic mapping
 D - 2 scrolls of fear
 M - 2 scrolls of identify
 N - a scroll of silence
Potions
 a - 7 potions of heal wounds
 c - 7 potions of might
 e - 4 potions of flight
 f - 15 potions of curing
 k - 2 potions of lignification
 n - 3 potions of ambrosia
 o - 4 potions of resistance
 p - 4 potions of invisibility
 r - 3 potions of attraction
 t - 2 potions of brilliance
 B - 6 potions of mutation
 E - 2 potions of berserk rage
 G - 4 potions of magic
Miscellaneous
 L - a lightning rod (4/4)


   Skills:
 + Level 10.5 Fighting
 + Level 8.0 Throwing
 + Level 8.6 Armour
 + Level 9.4 Dodging
 + Level 10.3 Shields
 * Level 15.2 Unarmed Combat
 + Level 9.4 Invocations


You had 14 spell levels left.
You didn't know any spells.
Your spell library contained the following spells:

 Spells                   Type           Power      Damage    Failure   Level
 Foxfire                  Conj/Fire      0%         2x1d4     71%         1
 Shock                    Conj/Air       0%         1d3       71%         1
 Slow                     Hex            0%         N/A       71%         1
 Summon Small Mammal      Summ           0%         N/A       71%         1
 Call Canine Familiar     Summ           0%         N/A       97%         3
 Confusing Touch          Hex            0%         N/A       97%         3
 Gell's Gravitas          Tloc           0%         N/A       97%         3
 Ignite Poison            Fire/Tmut/Pois 0%         N/A       97%         3
 Ozocubu's Armour         Ice            0%         N/A       97%         3
 Summon Guardian Golem    Hex/Summ       0%         N/A       97%         3
 Swiftness                Air            0%         N/A       97%         3
 Teleport Other           Tloc           0%         N/A       97%         3
 Vampiric Draining        Necr           0%         2d6       97%         3
 Airstrike                Air            0%         2d(0-16)  100%        4
 Animate Armour           Summ/Erth      0%         N/A       100%        4
 Sticky Flame             Conj/Fire      0%         2d3       100%        4
 Blade Hands              Tmut           0%         N/A       100%        5
 Fireball                 Conj/Fire      0%         3d3       100%        5
 Freezing Cloud           Conj/Ice/Air   0%         6-21      100%        5
 Metabolic Englaciation   Hex/Ice        0%         N/A       100%        5
 Dispersal                Tloc           0%         N/A       100%        6
 Iron Shot                Conj/Erth      0%         9d1       100%        6
 Simulacrum               Ice/Necr       0%         N/A       100%        6
 Starburst                Conj/Fire      0%         6d3       100%        6
 Ignition                 Fire           0%         3d3       100%        8
 Polar Vortex             Ice            0%         N/A       100%        9


Dungeon Overview and Level Annotations

Branches:
Dungeon (12/15)            Temple (1/1) D:5            Lair (5/5) D:8
 Shoals (0/4) Lair:2       Spider (3/4) Lair:2        Slime (0/5) Lair:4
    Orc (2/2) D:10            Elf (0/3) Orc:2        Bailey (visited)

Altars:
Ashenzari
Cheibriados
Dithmenos
Elyvilon
Fedhas
Gozag
Hepliaklqana
Kikubaaqudgha
Makhleb
Nemelex Xobeh
Okawaru
Qazlal
Ru
Sif Muna
Trog
Uskayaw
Vehumet
Wu Jian
Xom
Yredelemnul
Zin
The Shining One
Jiyva

Shops:
D:5 (((*!   D:10 ?   Orc:2 =(*:

Annotations:
Lair:3 3 runed translucent doors, Ydonikav's ghost, journeyman GnHu


Innate Abilities, Weirdness & Mutations

You are too large for most types of armour.
You have claws for hands.
Your natural rate of healing is unusually fast.
You are covered in fur. (AC +1)
You have tough skin. (AC +1)


Message History

The jumping spider misses you.
The jumping spider bites you but does no damage.
The steelbarb worm hits you!!
* * * LOW HITPOINT WARNING * * *
Barbed spikes become lodged in your body.
You are no longer berserk.
You are exhausted.
You feel yourself slow down. The culicivora closely misses you.
The tarantella touches you.
* * * LOW HITPOINT WARNING * * *
The jumping spider misses you. x2; The moth of wrath misses you.
The steelbarb worm hits you but does no damage.
The culicivora bites you but does no damage.
The tarantella misses you.
The jumping spider pounces on you but does no damage.
The jumping spider barely misses you.
You are too confused!
Unknown command.
You feel better. You block the culicivora's attack.
You block the jumping spider's attack.
The jumping spider bites you but does no damage.
You block the tarantella's attack. The steelbarb worm closely misses you.
The culicivora bites you but does no damage.
The tarantella barely misses you.
The jumping spider pounces on you but does no damage.
The jumping spider bites you.
* * * LOW HITPOINT WARNING * * *
The moth of wrath bites you but does no damage.
The steelbarb worm hits you but does no damage.
The culicivora bites you.
* * * LOW HITPOINT WARNING * * *
The culicivora draws strength from your injuries!
The jumping spider pounces on you but does no damage.
The jumping spider barely misses you. The tarantella touches you!
* * * LOW HITPOINT WARNING * * *
The jumping spider misses you. x2
The moth of wrath goads the jumping spider on!
The jumping spider goes berserk!
The steelbarb worm barely misses you. The culicivora bites you!!
You die...

..... #.....
#^..... .......
....^..
###.......
#sss°.....
#.@w......
#sy.......
..........#
......#^..°..
.....^...#####.
........#
.........
....#....


You could see a steelbarb worm (berserk), a moth of wrath, a culicivora
(berserk), 2 jumping spiders and a tarantella (berserk).

Vanquished Creatures
  Frances (Spider:2)
  2 broodmothers (Spider:1)
  The ghost of Citaku the Tortoise, a journeyman MiFi of Gozag (Orc:1)
  Nessos (Orc:2)
  2 entropy weavers
  6 hydras
  4 ogre magi
  A merfolk avatar (Lair:5)
  Erica (D:8)
  A radroach (Spider:3)
  14 two-headed ogres
  5 boulder beetles
  A deep troll earth mage (D:11)
  A sun moth (Spider:2)
  A pharaoh ant (Spider:2)
  A sea snake (Lair:5)
  2 orb spiders (Spider:1)
  A lindwurm (Lair:5)
  2 orc knights
  Pikel (D:9)
  7 steelbarb worms
  4 wolf spiders
  3 manticores (Lair:5)
  4 cyclopes
  20 elephants
  3 moths of wrath
  4 merfolk sirens (Lair:2)
  4 demonic crawlers (Spider:2)
  3 black mambas
  A torpor snail (Spider:1)
  2 gargoyles
  3 rime drakes
  An unseen horror (D:12)
  9 cane toads
  An efreet (D:11)
  Maggie (D:7)
  15 komodo dragons
  A wind drake (Lair:5)
  16 tarantellas
  4 trolls
  8 polar bears
  2 hornets
  A snapping turtle (Lair:5)
  34 blink frogs
  8 dream sheep
  16 jumping spiders
  7 culicivoras
  6 wyverns
  Sigmund (D:4)
  37 yaks
  A steam dragon (Lair:5)
  7 vampire mosquitoes
  7 wargs (Orc:1)
  6 basilisks
  27 redbacks
  16 water moccasins
  Pargi (D:3)
  7 ice beasts
  2 sky beasts
  15 orc warriors
  3 black bears
  23 wolves
  8 centaurs
  32 ogres
  2 lemures (D:9)
  Blork the orc (D:5)
  6 kobold brigands
  2 phantoms
  6 gnoll sergeants
  9 bullfrogs
  A necrophage (D:6)
  3 scorpions
  8 wights
  10 killer bees (D:10)
  2 howler monkeys
  2 electric eels (Lair:1)
  7 hounds
  Crazy Yiuf (D:4)
  6 orc priests
  18 jellies
  8 gnoll boudas
  4 iguanas
  13 orc wizards
  36 gnolls
  7 adders
  3 shadow imps
  An ufetubus (D:5)
  4 worms
  A dart slug (D:4)
  67 orcs
  3 bats
  9 endoplasms
  3 giant cockroaches
  8 goblins
  4 hobgoblins
  15 jackals
  6 quokkas
  3 ball pythons
  5 frilled lizards
  21 kobolds
  7 rats
742 creatures vanquished.

Vanquished Creatures (others)
  A troll (Orc:2)
  A blink frog (Lair:5)
  An orc wizard (Orc:2)
  An orc (Orc:2)
  34 fungi
  59 plants
97 creatures vanquished.

Grand Total: 839 creatures vanquished

Notes
Turn   | Place    | Note
-------+----------+-------------------------------------------
     0 | D:1      | Majang the Troll Fighter began the quest for the Orb.
     0 | D:1      | Reached XP level 1. HP: 22/22 MP: 0/0
    73 | D:1      | Reached XP level 2. HP: 29/29 MP: 1/1
   158 | D:1      | Found a faded altar of an unknown god.
   658 | D:1      | Reached XP level 3. HP: 36/36 MP: 2/2
  1157 | D:2      | Reached skill level 3 in Unarmed Combat
  1327 | D:3      | Reached XP level 4. HP: 43/44 MP: 3/3
  1529 | D:3      | Noticed a phantom
  1546 | D:2      | Killed a phantom
  1547 | D:2      | Reached XP level 5. HP: 52/53 MP: 4/4
  1707 | D:3      | Noticed Pargi
  1721 | D:3      | Killed Pargi
  1722 | D:3      | Reached skill level 4 in Unarmed Combat
  1722 | D:3      | Reached XP level 6. HP: 54/61 MP: 5/5
  1963 | D:4      | Found an ornate altar of the Wu Jian Council.
  2124 | D:4      | Found a sparkling altar of Nemelex Xobeh.
  2124 | D:4      | Found a radiant altar of Vehumet.
  2126 | D:4      | Found a snail-covered altar of Cheibriados.
  2126 | D:4      | Found a white marble altar of Elyvilon.
  2141 | D:4      | Became a worshipper of Cheibriados the Contemplative
  2170 | D:4      | Noticed Sigmund
  2187 | D:4      | Killed Sigmund
  2188 | D:4      | Reached skill level 1 in Armour
  2188 | D:4      | Reached XP level 7. HP: 65/67 MP: 6/6
  2202 | D:4      | Reached skill level 1 in Invocations
  2231 | D:4      | Reached skill level 5 in Unarmed Combat
  2391 | D:4      | Found a runed translucent door.
  2392 | D:4      | Noticed Crazy Yiuf
  2397 | D:4      | Killed Crazy Yiuf
  2447 | D:4      | Reached * piety under Cheibriados
  2676 | D:5      | Entered Level 5 of the Dungeon
  2703 | D:5      | Found Garium's Distillery.
  2712 | D:5      | Bought a potion of degeneration for 11 gold pieces
  2714 | D:5      | Found Azetalica's General Store.
  2722 | D:5      | Bought a potion of heal wounds for 70 gold pieces
  2722 | D:5      | Bought a scroll of identify for 28 gold pieces
  2744 | D:5      | Found a staircase to the Ecumenical Temple.
  2821 | D:5      | Reached XP level 8. HP: 78/78 MP: 8/8
  2843 | Temple   | Entered the Ecumenical Temple
  3079 | D:5      | Found Zadunato's Weapon Boutique.
  3245 | D:5      | Found Boukiav's Weapon Shoppe.
  3282 | D:5      | Reached skill level 6 in Unarmed Combat
  3419 | D:5      | Reached ** piety under Cheibriados
  3592 | D:5      | Found Unuedd's Antique Weapon Emporium.
  3743 | D:5      | Noticed Blork the orc
  3750 | D:5      | Killed Blork the orc
  3854 | D:6      | Reached skill level 5 in Shields
  3903 | D:6      | Reached XP level 9. HP: 85/85 MP: 10/10
  3990 | D:6      | Reached skill level 7 in Unarmed Combat
  4102 | D:6      | Found an iron altar of Okawaru.
  4236 | D:6      | Reached *** piety under Cheibriados
  4655 | D:7      | Reached skill level 5 in Fighting
  4687 | D:7      | Reached skill level 5 in Dodging
  4781 | D:7      | Found a glowing golden altar of the Shining One.
  4788 | D:7      | Noticed Maggie
  4797 | D:7      | Killed Maggie
  4798 | D:7      | Reached skill level 8 in Unarmed Combat
  5153 | D:7      | Upgraded the game from 0.30-a0-630-g881e3bac89 to
                  | 0.30-a0-634-g8abc85282e
  5228 | D:8      | Noticed a rime drake
  5264 | D:8      | Reached **** piety under Cheibriados
  5265 | D:8      | Reached XP level 10. HP: 86/96 MP: 12/12
  5348 | D:8      | Found a staircase to the Lair.
  5397 | D:8      | Noticed Erica
  5410 | D:8      | Killed Erica
  6042 | D:8      | Identified the +9 short sword "Ximaluu" {heavy, *Corrode
                  | Str+7}
  6215 | D:9      | Noticed Pikel
  6217 | D:9      | Reached skill level 9 in Unarmed Combat
  6226 | D:9      | Killed Pikel
  6229 | D:9      | Reached skill level 1 in Throwing
  6534 | D:9      | Reached skill level 5 in Invocations
  6548 | D:9      | Reached ***** piety under Cheibriados
  6623 | D:9      | Reached XP level 11. HP: 99/105 MP: 13/13
  6638 | D:9      | You fall into a shaft and drop 2 floors!
  6653 | D:11     | Noticed a boulder beetle
  6653 | D:11     | Noticed a two-headed ogre
  6653 | D:11     | Noticed a deep troll earth mage
  6654 | D:11     | Noticed a boulder beetle
  6663 | D:11     | Noticed a two-headed ogre
  6667 | D:11     | Killed a two-headed ogre
  6696 | D:11     | Killed a deep troll earth mage
  6756 | D:10     | Entered Level 10 of the Dungeon
  6909 | D:10     | Reached skill level 5 in Armour
  7062 | D:10     | Reached skill level 10 in Unarmed Combat
  7102 | D:10     | Found Corie's Magic Scroll Boutique.
  7130 | D:10     | Found a shimmering blue altar of Sif Muna.
  7150 | D:10     | Found a flagged portal.
  7159 | Bailey   | Entered a bailey
  7341 | Bailey   | Noticed an orc knight
  7352 | Bailey   | Killed an orc knight
  7447 | Bailey   | Reached ****** piety under Cheibriados
  7921 | Lair:1   | Entered Level 1 of the Lair of Beasts
  8377 | Lair:1   | Noticed a boulder beetle
  8387 | Lair:1   | Killed a boulder beetle
  8388 | Lair:1   | Reached XP level 12. HP: 82/115 MP: 15/15
  8710 | Lair:1   | Reached skill level 11 in Unarmed Combat
  8839 | Lair:2   | Found a staircase to the Shoals.
  9311 | Lair:2   | Found a hole to the Spider Nest.
 10363 | Lair:3   | Found a runed translucent gate.
 10363 | Lair:3   | Found a runed translucent gate.
 10363 | Lair:3   | Found a runed translucent gate.
 10391 | Lair:3   | Noticed Ydonikav's ghost (journeyman GnHu)
 10392 | Lair:3   | Noticed an ice dragon
 10672 | Lair:4   | You fall into a shaft and drop 1 floor!
 10672 | Lair:5   | Entered Level 5 of the Lair of Beasts
 10708 | Lair:5   | Reached skill level 12 in Unarmed Combat
 10734 | Lair:5   | Reached skill level 5 in Throwing
 10737 | Lair:5   | Noticed a five-headed hydra
 10739 | Lair:5   | Reached XP level 13. HP: 116/124 MP: 17/17
 11406 | Lair:4   | Found a staircase to the Slime Pits.
 11410 | Lair:4   | Found a viscous altar of Jiyva.
 11830 | Lair:4   | Reached skill level 13 in Unarmed Combat
 11976 | Lair:5   | Reached XP level 14. HP: 136/136 MP: 18/18
 12248 | Lair:5   | Identified a scroll of acquirement
 12249 | Lair:5   | Acquired a manual of Fighting
 12485 | Lair:5   | Found the ring of the Octopus King
 12512 | Lair:5   | Identified a ring of the Octopus King {rCorr HP+2 AC+2 EV+2
                  | SH+2}
 12875 | D:10     | Acquired the +10 pearl dragon scales of the Past {rPois rF+
                  | rN+ Stlth+}
 13218 | D:10     | Found a staircase to the Orcish Mines.
 13346 | D:10     | Found a sacrificial altar of Ru.
 14137 | D:11     | Found the +10 dark maul {heavy}
 15113 | Orc:1    | Entered Level 1 of the Orcish Mines
 15125 | Orc:1    | Reached skill level 14 in Unarmed Combat
 15408 | Orc:1    | Found a transporter.
 15413 | Orc:1    | Noticed Citaku's ghost (journeyman MiFi)
 15440 | Orc:1    | Found a transporter.
 15696 | Orc:1    | Killed Citaku's ghost
 15753 | Orc:2    | Entered Level 2 of the Orcish Mines
 15754 | Orc:2    | Noticed Nessos
 15900 | Orc:2    | Killed Nessos
 15956 | Orc:2    | Reached XP level 15. HP: 148/148 MP: 20/20
 16136 | Orc:2    | Found a staircase to the Elven Halls.
 16164 | Orc:2    | Found a radiant altar of Vehumet.
 16198 | Orc:2    | Found Esasy's Jewellery Boutique.
 16198 | Orc:2    | Found Ubogotaa's Assorted Antiques.
 16198 | Orc:2    | Found Pustrepatz's Weapon Emporium.
 16198 | Orc:2    | Found Mipio's Book Shop.
 16209 | Orc:2    | Bought a ring of see invisible for 225 gold pieces
 16496 | Spider:1 | Entered Level 1 of the Spider Nest
 16904 | Spider:1 | You fall into a shaft and drop 1 floor!
 16965 | Spider:2 | Reached skill level 10 in Shields
 16973 | Spider:2 | Reached skill level 10 in Fighting
 17115 | Spider:2 | Reached skill level 15 in Unarmed Combat
 17887 | Spider:2 | Noticed Frances
 17901 | Spider:2 | Killed Frances
 18058 | Spider:3 | Mangled by a culicivora

Illustrated notes

Levels and vault maps discovered:
D:1:      noname_arrival_rooms_in_the_neighbourhood, layout_basic,
          hellmonk_ecumenical_altar_slurped_away
D:2:      layout_rooms
D:3:      layout_loops_cross, uniq_pargi
D:4:      layout_cave_pools, grunt_temple_overflow_open,
          uniq_crazy_yiuf_cottage, uniq_sigmund
D:5:      minmay_general_purpose_star, layout_loops_ring,
          minmay_temple_entry_antechambers, serial_shops, shop_statue,
          nicolae_shop_temple_entry_statues_fountains, nicolae_shop_trees, shop,
          kennysheep_mini, uniq_blork_the_orc
D:6:      layout_loops_ring, okawaru_metal_pillars_1_2, minmay_curled_crystal,
          kennysheep_small_square
D:7:      layout_loops_ring, mainiacjoe_overflow_small_starburst,
          chequers_arboretum, uniq_maggie
D:8:      layout_loops_corners, hellmonk_lair_entry_icy, uniq_erica
D:9:      layout_basic, uniq_pikel
D:10:     kennysheep_seaside_town, layout_gridville,
          mainiacjoe_overflow_boulevard, mainiacjoe_overflow_alcove_2,
          kennysheep_orc_monster_closet_entryway, serial_shops, shop_statue,
          enter_bailey_6
D:11:     minmay_roctagon, layout_irregular_city, gauntlet_entry_generic
D:12:     layout_roguey
Temple:   oiseaux_autumnal_temple
Lair:1:   layout_chaotic_city, beast_lair_carwin_5, lemuel_fruit_tree,
          infiniplex_staircase_pool, serial_bayou_shore_a, grunt_megastairs_3
Lair:2:   layout_layer_cave, elwin_shoals_entry_stream, spider_nest_entry_webs,
          st_stairs_11
Lair:3:   layout_regular_city, gammafunk_ghost_icy
Lair:4:   layout_regular_city, minmay_slime_entry_jelly_boxes
Lair:5:   gammafunk_lair_ancient_temple, layout_regular_city,
          portal_ice_cave_entry_pillars_2, grunt_megastairs_4
Spider:1: layout_spider_delve
Spider:2: layout_spider_delve, einodemon_crawler_minivault, uniq_frances
Spider:3: layout_spider_delve, uniq_bai_suzhen, uniq_aizul, uniq_kirke,
          uniq_louise, uniq_roxanne
Orc:1:    layout_caves, gammafunk_ghost_berserking_beasts,
          hellmonk_bongcloud_opening, nicolae_orc_lost_temple
Orc:2:    st_orc_ogre_mass, layout_caves, basic_altar, uniq_nessos

Skill      XL: |  1  2  3  4  5  6  7  8  9 10 11 12 13 14 15 |
---------------+----------------------------------------------+-----
Shields        | 3 4 5 6 7 8 9 10 | 10.3
Unarmed Combat | 3 4 5 6 8 9 10 12 13 14 15 | 15.2
Fighting       | 3 4 5 6 7 8 9 10 | 10.5
Dodging        | 3 4 5 6 7 8 9 |  9.4
Armour         | 1 2 3 4 5 6 7 8 |  8.6
Invocations    | 1 3 4 5 6 7 8 9 |  9.4
Throwing       | 1 3 5 6 7 8 |  8.0

Action                   |  1- 3 |  4- 6 |  7- 9 | 10-12 | 13-15 || total
-------------------------+-------+-------+-------+-------+-------++-------
Melee: Unarmed           |   134 |    81 |   329 |   649 |  1044 ||  2237
Throw: Boomerang         |       |       |       |       |    37 ||    37
       Large rock        |       |       |       |       |     3 ||     3
Invok: Slouch            |       |       |       |       |     4 ||     4
       Bend Time         |       |       |       |       |     1 ||     1
Evoke: Wand              |       |       |     4 |     4 |     6 ||    14
  Use: Potion            |       |     1 |       |     3 |     3 ||     7
       Scroll            |       |    11 |     5 |    13 |     7 ||    36
 Stab: Distracted        |       |       |     1 |     1 |     2 ||     4
       Sleeping          |       |       |     1 |     6 |     3 ||    10
Armor: Robe              |    30 |     5 |       |       |       ||    35
       Troll leather arm |       |     6 |    66 |       |       ||    72
       Steam dragon scal |       |       |     8 |    89 |    70 ||   167
       Pearl dragon scal |       |       |       |       |   251 ||   251
Dodge: Dodged            |    58 |    41 |   180 |   390 |   762 ||  1431
Block: Kite shield       |    42 |    36 |   157 |   332 |       ||   567
       Tower shield      |       |       |       |   124 |  1283 ||  1407

Table legend: (Time is in decaauts)
 A = Elapsed time spent in this place.
 B = Non-inter-level travel time spent in this place.
 C = Inter-level travel time spent in this place.
 D = Time resting spent in this place.
 E = Time spent auto-exploring this place.
 F = Levels seen in this place.
 G = Mean time per level.
                   A        B        C        D        E       F      G
               +--------+--------+--------+--------+--------+-----+--------+
         Total |  28555 |  26589 |   1966 |    957 |   8469 |  24 | 1189.8 |
       Dungeon |  14394 |  13313 |   1081 |    524 |   6198 |  12 | 1199.5 |
        Temple |    224 |    175 |     49 |      0 |      0 |   1 |  224.0 |
          Lair |   8670 |   8041 |    629 |    220 |   1302 |   5 | 1734.0 |
   Spider Nest |   2622 |   2502 |    120 |    127 |    661 |   3 |  874.0 |
  Orcish Mines |   2151 |   2066 |     85 |     33 |    306 |   2 | 1075.5 |
        Bailey |    492 |    492 |      0 |     52 |      2 |   1 |  492.0 |
               +--------+--------+--------+--------+--------+-----+--------+

Top non-repeatable levels by time:
    D:10: 2408 daAuts
  Lair:2: 2172 daAuts
  Lair:4: 1781 daAuts
  Lair:5: 1770 daAuts
Spider:1: 1693 daAuts
     D:8: 1601 daAuts
     D:9: 1597 daAuts
  Lair:1: 1546 daAuts
  Lair:3: 1398 daAuts
   Orc:1: 1370 daAuts
    D:12: 1333 daAuts
     D:5: 1287 daAuts
    D:11: 1276 daAuts
     D:7: 1202 daAuts
     D:1: 967 daAuts
